 Dungeon Crawl Stone Soup version 0.22.1-2-g9c5b331383 (webtiles) character file.

166 McIrco the Shield-Bearer (level 5, -4/41 HPs)
             Began as a Demonspawn Fighter on Jan 5, 2019.
             Killed from afar by an orc wizard (8 damage)
             ... with a puff of flame
             ... on level 3 of the Dungeon.
             The game lasted 00:04:44 (2344 turns).

McIrco the Shield-Bearer (Demonspawn Fighter)       Turns: 2344, Time: 00:04:44

Health: -4/41      AC:  7    Str: 17    XL:     5   Next: 22%
Magic:  0/5        EV:  7    Int:  9    God:
Gold:   162        SH: 10    Dex: 15    Spells: 4/4 levels left

rFire    . . .     SeeInvis .   a - +0 long sword
rCold    + . .     Gourm    .   c - +0 shield
rNeg     . . .     Faith    .   b - +0 scale mail
rPois    .         Spirit   +   (no helmet)
rElec    .         Reflect  .   q - +0 cloak
rCorr    .         Harm     .   (no gloves)
MR       .....                  (no boots)
Stlth    +.........             (no amulet)
HPRegen  0.13/turn              s - ring of protection from cold (curse)
MPRegen  0.09/turn              (no ring)

@: no status effects
A: claws 1, thin skeletal structure 1, magic shield
a: no special abilities


You were on level 3 of the Dungeon.
You were very hungry.

You visited 1 branch of the dungeon, and saw 3 of its levels.

You collected 162 gold pieces.

Inventory:

Hand Weapons
 a - a +0 long sword (weapon)
Armour
 b - a +0 scale mail (worn)
 c - a +0 shield (worn)
 q - a +0 cloak (worn)
Jewellery
 s - a cursed ring of protection from cold (left claw)
Scrolls
 e - a scroll of teleportation {unknown}
 h - 3 scrolls of identify {unknown}
 i - a scroll of immolation {unknown}
 j - a scroll of remove curse {unknown}
 k - 2 scrolls of fog {unknown}
 m - 3 scrolls of enchant weapon {unknown}
 o - a scroll of noise {unknown}
 p - a scroll of random uselessness {unknown}
 r - a scroll of amnesia {unknown}
Potions
 d - 3 potions of might
 l - a potion of mutation {unknown}
 n - a potion of berserk rage {unknown}
Comestibles
 f - 3 rations


   Skills:
 - Level 3.0 Fighting
 - Level 1.7 Long Blades
 - Level 2.6 Armour
 + Level 5.4 Shields


You had 4 spell levels left.
You didn't know any spells.
Your spell library was empty.

Dungeon Overview and Level Annotations

Branches:
Dungeon (3/15)

Altars:


Innate Abilities, Weirdness & Mutations

You have sharp fingernails.
You have a somewhat thin skeletal structure. (Dex +2, Stealth)
When hurt, damage is shared between your health and your magic reserves.


Message History

Unknown command.
You miss something. You block the orc's attack.
Something hits you but does no damage. The orc hits you but does no damage.
Something hits you but does no damage.
There are no items here.
You barely miss something. Something hits you.
* * * LOW HITPOINT WARNING * * *
You block the orc's attack.
You miss something.
You hear some strange, mumbled words.
A puff of flame appears from out of thin air!
The puff of flame hits you!
* * * LOW HITPOINT WARNING * * *
The orc hits you from afar with a trident.
* * * LOW HITPOINT WARNING * * *
Unknown command.
You hear some strange, mumbled words.
A puff of flame appears from out of thin air!
The puff of flame hits you!
You die...

.#
#.......#
###.# .#
#####.###
#...# .#
#.# #.###
.# #.# #.#
.# #.# #.#
.# #.# #.#
## #.# #.#
#.# #.#
#######@#
#.#
#...o...#
#.#
#)#######
##.########
#.#
#..........
#)#
#..########
#.# #..#
#.#
#..#####
#.#
#......#
#.#
#.##.†.#


You could see an orc.

Vanquished Creatures
  A worker ant (D:2)
  A howler monkey skeleton (D:2)
  5 adders
  An ooze (D:1)
  A dart slug (D:1)
  4 leopard geckos
  4 orcs (D:3)
  3 giant cockroaches
  10 goblins
  6 hobgoblins
  2 jackals (D:1)
  3 quokkas
  11 bats
  6 frilled lizards
  5 kobolds
  9 rats
72 creatures vanquished.

Notes
Turn   | Place    | Note
-------+----------+-------------------------------------------
     0 | D:1      | McIrco the Demonspawn Fighter began the quest for the Orb.
     0 | D:1      | Reached XP level 1. HP: 18/18 MP: 1/1
   172 | D:1      | Reached skill level 3 in Shields
   182 | D:1      | Gained mutation: You have a somewhat thin skeletal
                  | structure. (Dex +2, Stealth) [demonic ancestry]
   182 | D:1      | Reached XP level 2. HP: 9/24 MP: 2/2
   697 | D:1      | Gained mutation: When hurt, damage is shared between your
                  | health and your magic reserves. [demonic ancestry]
   697 | D:1      | Reached XP level 3. HP: 29/29 MP: 3/3
   816 | D:1      | Reached skill level 4 in Shields
  1217 | D:2      | Gained mutation: You have sharp fingernails. [demonic
                  | ancestry]
  1217 | D:2      | Reached XP level 4. HP: 30/35 MP: 1/4
  1816 | D:2      | Reached skill level 5 in Shields
  2038 | D:3      | Reached XP level 5. HP: 36/41 MP: 5/5
  2344 | D:3      | Killed from afar by an orc wizard

Skill      XL: |  1  2  3  4 |
---------------+-------------+-----
Shields        | 3 4 5 |  5.4
Fighting       | |  3.0
Long Blades    | |  1.7
Armour         | |  2.6

Action                   |  1- 3 |  4- 6 || total
-------------------------+-------+-------++-------
Melee: Long sword        |   114 |   125 ||   239
  Use: Potion            |     1 |     1 ||     2
  Eat: Chunk             |     1 |     3 ||     4
Armor: Scale mail        |    67 |    52 ||   119
Dodge: Dodged            |    48 |    42 ||    90
Block: Shield            |    52 |    76 ||   128
       Rpst.: Long sword |    14 |    12 ||    26
